Map: Orbital Shipyard

Players

SNACK

  • Race: Zerg Zerg

VampyWorm

  • Race: Zerg Zerg
  • League: Diamond

Everlove

  • Race: Protoss Protoss
  • League: Diamond

Rengen

  • Race: Protoss Protoss
  • League: Grandmaster

VOD

Have the link to the VOD?

Description

Time

  • Played on: Nov. 18, 2015, 12:42 a.m.
  • Length: 7:52
Show
View Real Time Build Order
Export as new Build Order

SNACK Zerg 

Build Orders: Hatch First 

Get SALT Encoding   

  12  0:01  Drone  
  13  0:08  Drone  
  14  0:17  Overlord  
  14  0:35  Drone x3  
  17  0:52  Hatchery  
  16  1:06  Spawning Pool  
  16  1:08  Drone  
  16  1:12  Drone  
  16  1:16  Extractor  
  16  1:17  Drone  
  17  1:26  Drone  
  18  1:33  Overlord  
  18  1:43  Drone  
  19  1:53  Queen  
  21  1:58  Zergling x2  
  22  2:04  Zergling x2  
  22  2:05  Queen  
  22  2:06  Drone  
  26  2:17  Drone  
  26  2:19  Metabolic Boost  
  26  2:21  Drone  
  28  2:27  Drone x2  
  30  2:35  Overlord  
  30  2:37  Drone  
  31  2:50  Drone x2  
  30  3:07  Drone x3  
  30  3:08  Drone x2  
  30  3:10  Hatchery  
  34  3:18  Drone x2  
  34  3:19  Drone x3  
  39  3:26  Overlord  
  39  3:36  Zergling x2  
  39  3:37  Zergling x6  
  39  3:40  Zergling x2  
  44  3:43  Overlord  
  44  3:53  Extractor  
  44  3:55  Drone x5, Extractor x2  
  42  3:57  Queen  
  48  4:03  Drone  
  48  4:04  Drone x2  
  51  4:26  Lair  
  51  4:31  Drone  
  52  4:33  Queen  
  52  4:34  Spore Crawler  
  53  4:40  Drone x6, Spore Crawler  
  53  4:44  Drone x3  
  53  4:45  Drone x4  
  65  4:50  Extractor  
  65  4:53  Extractor  
  62  5:01  Drone x3  
  62  5:02  Drone x2  
  62  5:06  Spore Crawler  
  62  5:08  Queen  
  58  5:31  Drone  
  58  5:32  Drone x8, Spire  
  65  5:49  Drone  
  66  5:50  Overlord x2  
  66  5:51  Spine Crawler  
  65  5:59  Spine Crawler  
  64  6:25  Zergling x2  
  64  6:26  Zergling x30  
  75  6:39  Queen x3  
  72  6:52  Mutalisk, Zergling x2  
  72  6:53  Mutalisk x6, Zergling x2  
  80  7:00  Mutalisk  
  76  7:08  Mutalisk x2  
  76  7:14  Queen x3  
  76  7:25  Mutalisk x4  
Show
View Real Time Build Order
Export as new Build Order

VampyWorm Zerg 

Build Orders:  

Get SALT Encoding   

  12  0:01  Probe (Chrono Boost)  
  13  0:11  Probe (Chrono Boost)  
  14  0:17  Pylon  
  14  0:22  Probe (Chrono Boost)  
  15  0:35  Probe (Chrono Boost)  
  16  0:36  Gateway  
  16  0:43  Assimilator  
  16  0:45  Probe (Chrono Boost)  
  17  0:56  Probe (Chrono Boost)  
  18  1:07  Probe (Chrono Boost)  
  19  1:20  Nexus  
  19  1:31  Cybernetics Core  
  19  1:36  Probe (Chrono Boost)  
  19  1:39  Assimilator  
  20  1:46  Probe (Chrono Boost)  
  21  1:52  Pylon  
  21  1:57  Probe (Chrono Boost)  
  22  2:07  Probe (Chrono Boost)  
  23  2:10  Adept, Warp Gate  
  25  2:18  Probe (Chrono Boost)  
  28  2:30  Mothership Core (Chrono Boost)  
  28  2:36  Assimilator  
  29  2:37  Probe (Chrono Boost)  
  29  2:47  Probe (Chrono Boost)  
  29  2:48  Probe (Chrono Boost)  
  31  3:05  Gateway  
  30  3:06  Gateway  
  30  3:11  Stargate  
  32  3:14  Probe x2 (Chrono Boost)  
  34  3:24  Probe x2 (Chrono Boost)  
  34  3:29  Robotics Facility  
  34  3:35  Probe (Chrono Boost)  
  34  3:36  Probe (Chrono Boost)  
  34  3:37  Pylon  
  36  3:45  Probe (Chrono Boost)  
  37  3:48  Probe (Chrono Boost)  
  37  3:49  Oracle  
  41  3:58  Probe (Chrono Boost)  
  41  3:59  Probe (Chrono Boost)  
  45  4:10  Probe x2 (Chrono Boost)  
  45  4:17  Warp Prism  
  45  4:20  Probe (Chrono Boost)  
  45  4:22  Probe (Chrono Boost)  
  48  4:28  Sentry x2, Adept  
  54  4:37  Pylon  
  54  4:45  Assimilator  
  54  4:55  Probe (Chrono Boost)  
  55  5:00  Adept x3  
  55  5:06  Nexus  
  61  5:08  Pylon  
  61  5:14  Gateway  
  61  5:15  Gateway  
  61  5:18  Gateway  
  61  5:21  Pylon  
  61  5:24  Pylon  
  61  5:26  Adept  
  61  5:28  Adept x2  
  67  5:35  Probe (Chrono Boost), Pylon  
  69  5:36  Probe (Chrono Boost)  
  69  5:37  Observer  
  70  5:45  Probe (Chrono Boost)  
  70  5:48  Sentry  
  70  5:49  Sentry, Adept  
  77  5:52  Probe (Chrono Boost)  
  77  5:56  Probe (Chrono Boost)  
  79  5:59  Forge  
  80  6:05  Probe (Chrono Boost)  
  80  6:07  Probe (Chrono Boost)  
  81  6:13  Adept x3  
  87  6:19  Adept x3  
  93  6:34  Stalker x3  
  93  6:35  Probe (Chrono Boost)  
  99  6:40  Probe (Chrono Boost)  
  99  6:44  Stalker  
  97  6:49  Stalker  
  97  6:50  Stalker  
  97  7:00  Stalker x3  
  103  7:06  Probe (Chrono Boost)  
  103  7:08  Probe x2 (Chrono Boost)  
  106  7:20  Probe (Chrono Boost)  
  106  7:21  Probe x2 (Chrono Boost)  
  109  7:23  Pylon x2  
  109  7:28  Pylon  
  111  7:50  Adept x2  
  111  7:51  Stalker, Adept x3  
Show
View Real Time Build Order
Export as new Build Order

Everlove Protoss 

Build Orders:  

Get SALT Encoding   

Show
View Real Time Build Order
Export as new Build Order

Rengen Protoss 

Build Orders:  

Get SALT Encoding   

Tags
 
Add a new tag
Caveats
  • Supply blocks, unpowered buildings, or Contaminate may cause inaccurate times.
  • Supply counts are checked every 10 seconds.